[Event "Team 45 45 League T40"]
[Site "Internet Chess Club"]
[Date "2009.02.14"]
[Round "3"]
[White "sdcohle"]
[Black "Andressa"]
[Result "0-1"]
[WhiteElo "1310"]
[BlackElo "1520"]
[Opening "Queen's pawn game, Darooha variation "]
[ECO "D02"]
[Time "09:00:09"]
[TimeControl "2700+45"]

1. d4 d5 2. Nf3 Nf6 3. c4 e6 4. e3 Bb4+ 5. Bd2 Bxd2+ 6. Nbxd2 O-O 7. Bd3 Nc6 8.
O-O Nb4 9. Be2 dxc4 10. Bxc4 a6 11. a3 Nc6 12. Rc1 Re8 13. h3 Qd6 14. Ba2 e5 15.
Nc4 Qe6 16. Bb3 Qe7 17. Ncxe5 Nxe5 18. Nxe5 Rf8 19. Qc2 c6 20. Rfd1 Be6 21. Bxe6
fxe6 22. Qb3 Ne4 23. Rc2 Rad8 24. Qd3 Nd6 25. b4 Rf6 26. Rf1 Rdf8 27. Re2 Nf7
28. Nxf7 R6xf7 29. f3 e5 30. Ref2 exd4 31. Qxd4 Rd8 32. Qc3 Qd7 33. Qc2 Qd3 34.
a4 Qxe3 35. Rd1 Rfd7 36. Qa2+ Kf8 37. Rxd7 Rxd7 38. Kh2 Qd4 39. Re2 Qxb4 40. Qc2
Qf4+ 41. Kg1 g6 42. Qc3 Qd4+ 43. Qxd4 Rxd4 44. Rb2 b5 45. axb5 axb5 46. Rc2 Rd6
47. Kf2 b4 48. Ke3 Ke7 49. Ke4 Ke6 50. g4 g5 51. Rc4 b3 52. Rb4 c5 53. Rxb3 Rd4+
54. Ke3 Rd7 55. Rc3 Rc7 56. Ke4 Rc6 57. Rc4 h6 58. Rc3 Rc8 59. Rc4 Kd6 60. Kd3
Kd5 61. Kc3 Rf8 62. Ra4 Rxf3+ 63. Kc2 Rxh3 64. Kd2 c4 65. Ra7 Ke4 66. Rc7 c3+
67. Kc2 Kf3 68. Rxc3+ Kxg4 69. Rc4+ Kh5 70. Re4 g4 71. Kd1 Kh4 72. Ke1 Rf3 73.
Ke2 h5 74. Rd4 Kg3 75. Rd1 h4 76. Rf1 h3 77. Rg1+ Kf4 78. Rh1 Kg3 79. Rg1+ Kh4
80. Rh1 Rf8 81. Rd1 h2 82. Ke3 Kh3 83. Re1 g3 84. Kd3 Kg2 85. Re2+ Rf2 86. Rxf2+
gxf2 {White resigns} 0-1

[Event "Team 45 45 League T40"]
[Site "Internet Chess Club"]
[Date "2009.02.12"]
[Round "3"]
[White "Folgers"]
[Black "chiiwen"]
[Result "0-1"]
[WhiteElo "2045"]
[BlackElo "2087"]
[Opening "Trompowsky attack (Ruth, Opocenský opening)"]
[ECO "A45"]
[Time "20:00:07"]
[TimeControl "2700+45"]

1. d4 Nf6 2. Bg5 Ne4 3. Bf4 d5 4. f3 Nf6 5. e4 dxe4 6. Nc3 Bf5 7. fxe4 Nxe4 8.
Qf3 Nxc3 9. bxc3 Qc8 10. Bc4 e6 11. Ne2 Be7 12. O-O O-O 13. Rae1 Nd7 14. Ng3 Bg6
15. Ne4 Nb6 16. Bb3 c5 17. dxc5 Bxc5+ 18. Be3 Bxe3+ 19. Rxe3 Qc7 20. Ng5 Qc5 21.
Ne4 Bxe4 22. Qxe4 Nd5 23. Bxd5 exd5 24. Qd4 Qxd4 25. cxd4 Rac8 26. c3 Rc7 27.
Rf5 Rd7 28. Rfe5 f6 29. Re7 Rfd8 30. Kf2 Kf8 31. R7e6 Rc7 32. Ke2 Rdc8 33. Kd2
Rc6 34. Rxc6 Rxc6 35. Rh3 Ra6 36. Rxh7 Rxa2+ 37. Kd3 Rxg2 38. Rh8+ Ke7 39. Rb8
Rb2 40. Rg8 g5 41. h3 a6 42. Rc8 b6 43. Rc6 a5 44. c4 dxc4+ 45. Rxc4 Rb3+ 46.
Ke4 Rxh3 47. Kd5 f5 48. Rc7+ Kd8 49. Rg7 g4 50. Ke5 Rd3 51. d5 a4 52. Kd6 Ke8
53. Ke6 Kf8 54. Rf7+ Kg8 55. Rxf5 a3 56. Rg5+ Kf8 57. Rxg4 b5 58. Rf4+ Kg7 59.
d6 a2 60. Rf1 b4 61. d7 b3 62. Rg1+ Kh6 63. Ra1 b2 64. Rxa2 b1=Q 65. Rh2+ Kg5
66. Rg2+ Kh4 67. Rg7 Qb3+ 68. Kf6 Rd6+ 69. Ke7 Qe6+ 70. Kd8 Qf6+ 71. Re7 Re6
{White resigns} 0-1

[Event "Team 45 45 League T40"]
[Site "Internet Chess Club"]
[Date "2009.02.12"]
[Round "3"]
[White "MeanMrMustard"]
[Black "chess9397"]
[Result "1-0"]
[WhiteElo "1932"]
[BlackElo "1879"]
[Opening "Sicilian: accelerated fianchetto, modern variation with Bc4"]
[ECO "B35"]
[Time "20:00:43"]
[TimeControl "2700+45"]

1. e4 c5 2. Nf3 Nc6 3. d4 cxd4 4. Nxd4 g6 5. Nc3 Bg7 6. Be3 Nf6 7. Bc4 O-O 8.
Bb3 a5 9. O-O a4 10. Bc4 Ng4 11. Qxg4 Nxd4 12. Qd1 Nc6 13. a3 d6 14. Qd2 Ne5 15.
Bb5 Ng4 16. Bg5 Bd7 17. Bxd7 Qxd7 18. h3 Ne5 19. Nd5 Rfe8 20. Nb6 Qc6 21. Nxa8
Nc4 22. Qb4 Rxa8 23. Rab1 Ra5 24. b3 Rxg5 25. Qxc4 Rc5 26. Qxa4 Rxc2 27. Qxc6
Rxc6 28. Rfc1 Rb6 29. Rc7 Bf6 30. b4 e6 31. b5 Be5 32. Rc8+ Kg7 33. a4 d5 34.
exd5 exd5 35. Rc5 Re6 36. Rxd5 Bd6 37. a5 Bc7 38. b6 Bd6 39. Rxd6 Rxd6 40. a6
Rd8 41. a7 Kf6 42. Rc1 Ke6 43. Rc7 Rd1+ 44. Kh2 Ra1 45. Rxb7 Kd6 46. Rb8 {Black
resigns} 1-0

[Event "Team 45 45 League T40"]
[Site "Internet Chess Club"]
[Date "2009.02.11"]
[Round "3"]
[White "chess9793"]
[Black "jcdios"]
[Result "0-1"]
[WhiteElo "1840"]
[BlackElo "1934"]
[Opening "Caro-Kann: exchange variation"]
[ECO "B13"]
[Time "18:00:15"]
[TimeControl "2700+45"]

1. e4 c6 2. d4 d5 3. exd5 cxd5 4. Bd3 Nc6 5. c3 Qc7 6. Ne2 Bg4 7. f3 Bd7 8. Bf4
e5 9. dxe5 Nxe5 10. Bc2 Bd6 11. Qd4 Nf6 12. Nd2 O-O 13. g4 Rfe8 14. O-O-O Bc5
15. Bxe5 Rxe5 16. Qd3 Re3 17. g5 Rxd3 18. Bxd3 Nh5 19. Nb3 Be3+ 20. Kc2 g6 21.
h4 Rc8 22. Rdf1 Ng3 23. Nxg3 Qxg3 24. Kb1 Re8 25. h5 Qxg5 26. hxg6 fxg6 27. Re1
Qg3 28. Rhf1 Bf2 29. Rxe8+ Bxe8 30. Be2 Qg2 31. Kc2 Be3 32. Kd1 a5 33. Nxa5 Bb5
34. c4 d4 35. Nb3 Ba4 36. Re1 d3 37. c5 dxe2+ 38. Kc2 Qf1 39. Rxf1 exf1=Q 40.
Kc3 b5 41. Kb4 Qe1+ 42. Ka3 Bxb3 43. Kxb3 Qd1+ 44. Kc3 Qd2+ 45. Kb3 Qd3+ 46. Kb4
Bd2# {White checkmated} 0-1

[Event "Team 45 45 League T40"]
[Site "Internet Chess Club"]
[Date "2009.02.19"]
[Round "3"]
[White "nosalt"]
[Black "trophyking"]
[Result "1-0"]
[WhiteElo "2034"]
[BlackElo "2266"]
[Opening "Ruy Lopez: Berlin defense"]
[ECO "C65"]
[Time "19:00:32"]
[TimeControl "2700+45"]

1. e4 e5 2. Nf3 Nc6 3. Bb5 Nf6 4. Qe2 Bc5 5. c3 O-O 6. O-O d6 7. Bxc6 bxc6 8. d4
Bb6 9. dxe5 dxe5 10. Bg5 h6 11. Rd1 Qe7 12. Bh4 a5 13. Nbd2 Ba6 14. Qe1 Qe6 15.
Nf1 Bxf1 16. Kxf1 Nh5 17. Bg3 Nxg3+ 18. hxg3 f5 19. Qe2 f4 20. g4 Qxg4 21. Nxe5
Qxe2+ 22. Kxe2 Rae8 23. Nxc6 Rxe4+ 24. Kf3 Rfe8 25. Rd2 h5 26. Rh1 g6 27. Rh4
R4e6 28. Nd4 Re1 29. Rxf4 Kg7 30. g3 g5 31. Rf5 Kg6 32. Rd5 Rg1 33. c4 h4 34.
gxh4 gxh4 35. Ne2 Rh8 36. Nxg1 {Black resigns} 1-0

[Event "Team 45 45 League T40"]
[Site "Internet Chess Club"]
[Date "2009.02.13"]
[Round "3"]
[White "alexdb"]
[Black "dnmuscg"]
[Result "0-1"]
[WhiteElo "1971"]
[BlackElo "1973"]
[Opening "Ruy Lopez: Wormald (Alapin) attack"]
[ECO "C77"]
[Time "20:59:35"]
[TimeControl "2700+45"]

1. e4 e5 2. Nf3 Nc6 3. Bb5 a6 4. Ba4 Nf6 5. Qe2 Bc5 6. d3 b5 7. Bb3 h6 8. c3 O-O
9. O-O Re8 10. Be3 d6 11. Nbd2 Be6 12. Bc2 Qe7 13. d4 exd4 14. cxd4 Nb4 15. Bb1
Bb6 16. a3 Nc6 17. d5 Bxe3 18. fxe3 Nxd5 19. exd5 Bxd5 20. e4 Na5 21. Qd3 Bc4
22. Nxc4 bxc4 23. Qc2 Nb3 24. Ra2 Qe6 25. Nd2 Nc5 26. e5 Qxe5 27. Qxc4 Re6 28.
Nf3 Qe3+ 29. Kh1 a5 30. b4 axb4 31. axb4 Rxa2 32. Qxa2 Ne4 33. Qa8+ Kh7 34. Qd5
g6 35. Bxe4 Qxe4 36. Qb3 Qe2 37. Qb1 Rf6 38. Ng5+ Kg7 39. Rxf6 Kxf6 40. Nf3 Qb5
41. Qa1+ Ke7 42. Qe1+ Kf8 43. h3 c5 44. bxc5 Qxc5 45. Qd2 g5 46. Nd4 Qe5 47. Qb4
Qf4 48. Qb8+ Ke7 49. Qc7+ Kf6 50. Qd8+ Kg6 51. Qg8+ Kf6 52. Qh8+ Kg6 53. Nf3
Qc1+ 54. Ng1 Qf4 55. Qa1 d5 56. Qa6+ Qf6 57. Qd3+ Qf5 58. Qd2 Qe4 59. Nf3 f6 60.
Nd4 h5 61. Ne2 Qe5 62. Nc3 g4 63. Nxd5 gxh3 64. Nf4+ Kf5 65. Nxh3 Qa1+ 66. Kh2
Qe5+ 67. Kh1 Qa1+ 68. Ng1 Kg4 69. Qe2+ Kg5 70. Qe3+ Kg4 71. Qf3+ Kg5 72. Qg3+
Kh6 73. Qf4+ Kg6 74. Kh2 Qb2 75. Nf3 Qc3 76. Nh4+ Kf7 77. Qf5 Qc7+ 78. Kh3 Qc3+
79. Nf3 Qc1 80. Qxh5+ Ke7 81. Qh7+ Ke6 82. Qe4+ Kf7 83. Qd5+ Ke7 84. Qb7+ Ke6
85. Qb3+ Ke7 86. Qd3 Qh1+ 87. Kg3 Qc1 88. Qh7+ Ke6 89. Qg8+ Ke7 90. Qg7+ Ke6 91.
Qg4+ Ke7 92. Qf4 Qc3 93. Qe4+ Kf7 94. Qd4 Qc7+ 95. Qf4 Qc3 96. Kh2 Qc2 97. Ng5+
Kg7 98. Qc7+ Qxc7+ {White resigns} 0-1

[Event "Team 45 45 League T40"]
[Site "Internet Chess Club"]
[Date "2009.02.16"]
[Round "3"]
[White "ivanson"]
[Black "Wheels"]
[Result "1-0"]
[WhiteElo "1827"]
[BlackElo "1955"]
[Opening "Sicilian: Alapin's variation (2.c3)"]
[ECO "B22"]
[Time "15:58:32"]
[TimeControl "2700+45"]

1. e4 c5 2. c3 g6 3. d4 cxd4 4. cxd4 d5 5. e5 Bg7 6. Nc3 Nc6 7. h3 f6 8. f4 Nh6
9. g4 a6 10. Bg2 Be6 11. Be3 O-O 12. Nf3 b5 13. O-O Rc8 14. Qd2 Nf7 15. Bf2 Qd7
16. Nh4 Bh6 17. exf6 exf6 18. Be3 Nfd8 19. f5 Bxe3+ 20. Qxe3 gxf5 21. Nxf5 Kh8
22. Rac1 Nf7 23. Rf2 Rce8 24. Qd3 Nb4 25. Qg3 Ng5 26. Rcf1 Nc6 27. Nd6 Rd8 28.
Nf5 Bxf5 29. Rxf5 Qa7 30. Kh1 Nxd4 31. Rxf6 Rxf6 32. Rxf6 Qe7 33. Qf2 Nde6 34.
Nxd5 Qg7 35. h4 {Black resigns} 1-0

[Event "Team 45 45 League T40"]
[Site "Internet Chess Club"]
[Date "2009.02.14"]
[Round "3"]
[White "Fuzzie"]
[Black "Budzo"]
[Result "1/2-1/2"]
[WhiteElo "1804"]
[BlackElo "1795"]
[Opening "French: King's Indian attack"]
[ECO "C00"]
[Time "10:00:35"]
[TimeControl "2700+45"]

1. e4 e6 2. d3 d5 3. Nd2 c5 4. Ngf3 Nc6 5. g3 Bd6 6. Bg2 Nge7 7. O-O O-O 8. Re1
Qc7 9. Nh4 Bd7 10. f4 dxe4 11. Nxe4 Rfd8 12. Nxd6 Qxd6 13. Bd2 Rac8 14. Kh1 b5
15. a3 Nd4 16. Ba5 Re8 17. Nf3 Bc6 18. c3 Nxf3 19. Bxf3 Bxf3+ 20. Qxf3 Qc6 21.
Qxc6 Nxc6 22. b4 Nxa5 23. bxa5 Red8 24. Re3 Rc6 25. Rb1 a6 26. c4 bxc4 27. dxc4
Rcd6 28. Reb3 Kf8 29. Rb8 Rxb8 30. Rxb8+ Ke7 31. Rc8 Rd3 32. Rc6 Rxa3 33. Rxa6
Ra4 34. Ra7+ Kf6 35. a6 Rxc4 36. Rc7 Ra4 37. Rxc5 Rxa6 38. Kg2 Ra2+ 39. Kh3 Rd2
40. Rc7 Rd5 41. Kg2 g5 42. fxg5+ Rxg5 43. Rc8 h5 44. h4 Rd5 45. Rh8 Kg7 46. Re8
Rf5 47. Kg1 Kf6 48. Kg2 Ke5 49. Ra8 Kd4 50. Ra4+ Kc3 {Game drawn by mutual
agreement} 1/2-1/2

[Event "Team 45 45 League T40"]
[Site "Internet Chess Club"]
[Date "2009.02.16"]
[Round "3"]
[White "Duguesclin"]
[Black "SugarIslander"]
[Result "0-1"]
[WhiteElo "1635"]
[BlackElo "1678"]
[Opening "Grünfeld: Stockholm variation"]
[ECO "D80"]
[Time "16:00:32"]
[TimeControl "2700+45"]

1. d4 Nf6 2. c4 g6 3. Nc3 d5 4. Bg5 Bg7 5. e3 Ne4 6. Nxe4 dxe4 7. h3 c5 8. Ne2
Qa5+ 9. Nc3 cxd4 10. exd4 Qxg5 11. Nxe4 Qa5+ 12. Nc3 O-O 13. Qd2 Nc6 14. d5 Rd8
15. Be2 Bxc3 16. Qxc3 Qxc3+ 17. bxc3 Ne5 18. f4 Nd7 19. O-O Nc5 20. Rfe1 Rd6 21.
Bf3 Kf8 22. Re3 Bf5 23. g4 Bd3 24. Be2 Bxe2 25. Rxe2 Rc8 26. Rb1 Rc7 27. Re3 e6
28. f5 exd5 29. Rd1 Rcd7 30. Re5 f6 31. Rexd5 Rxd5 32. cxd5 b5 33. Rd4 gxf5 34.
gxf5 Kg7 35. Kg2 Kh6 36. h4 Na4 37. c4 bxc4 38. Rxc4 Nb6 39. Rc6 Kg7 40. d6 h5
41. Kf3 Kf7 42. Ke4 Ke8 43. Kd4 Kd8 44. Kc5 Rb7 45. a3 Kd7 46. Kb5 Nd5+ 47. Kc5
Ne3 48. a4 Nxf5 49. a5 Ng7 50. Ra6 Ne6+ 51. Kc4 f5 52. Kd5 f4 53. Ke4 Nc5+ 54.
Kxf4 Nxa6 55. Kg5 Rb5+ {White resigns} 0-1

[Event "Team 45 45 League T40"]
[Site "Internet Chess Club"]
[Date "2009.02.17"]
[Round "3"]
[White "sra66"]
[Black "KAKTUS"]
[Result "0-1"]
[WhiteElo "1592"]
[BlackElo "1684"]
[Opening "Queen's pawn: English defense"]
[ECO "A40"]
[Time "16:21:17"]
[TimeControl "2700+45"]

1. d4 b6 2. c4 Bb7 3. Nc3 e6 4. d5 Bb4 5. e4 Qh4 6. Bd3 f5 7. Nf3 Qg4 8. exf5
exd5 9. O-O Bxc3 10. bxc3 dxc4 11. Be2 Nf6 12. h3 Qe4 13. Ba3 Na6 14. Re1 O-O-O
15. Bf1 Qxf5 16. Bxc4 Nc5 17. Re5 Bxf3 18. Rxf5 Bxd1 19. Rxd1 Nce4 20. Ba6+ Kb8
21. c4 d5 22. c5 c6 23. cxb6 axb6 24. Rb1 Ka7 25. Bd3 Nc5 26. Bc2 Rhe8 27. Bb4
Re2 28. Bb3 Nxb3 29. axb3 c5 30. Ra1+ Kb7 31. Ba3 Rde8 32. Kf1 Rc2 33. Bc1 d4
34. Bg5 Re6 35. Rf4 h6 36. Bxf6 Rxf6 37. Rxf6 gxf6 38. Ke1 Rb2 39. Ra3 Kc6 40.
g3 Kd5 41. f3 d3 42. b4 c4 43. Ra8 c3 44. Rd8+ Kc4 45. Rd6 d2+ 46. Kd1 Rb1+ 47.
Kc2 Rc1# {White checkmated} 0-1

[Event "Team 45 45 League T40"]
[Site "Internet Chess Club"]
[Date "2009.02.12"]
[Round "3"]
[White "gladius"]
[Black "oldsj"]
[Result "0-1"]
[WhiteElo "1450"]
[BlackElo "1625"]
[Opening "King's Indian: Torre attack"]
[ECO "A48"]
[Time "20:04:14"]
[TimeControl "2700+45"]

1. Nf3 Nf6 2. d4 g6 3. Bg5 Bg7 4. Nbd2 O-O 5. e3 d6 6. Bd3 c5 7. c3 Nbd7 8. O-O
b6 9. Rc1 Bb7 10. Re1 Rc8 11. e4 e5 12. d5 h6 13. Bh4 g5 14. Nxg5 hxg5 15. Bxg5
Re8 16. Qf3 Nf8 17. h4 N8h7 18. Nf1 Nxg5 19. hxg5 Nh7 20. g6 fxg6 21. Re3 Bh6
22. Qg4 Bxe3 23. Qxg6+ Kh8 24. Nxe3 Rg8 25. Qe6 Rc7 26. Nf5 Bc8 27. Qh6 Bxf5 28.
exf5 Qg5 29. Qh3 Qxc1+ {White resigns} 0-1

[Event "Team 45 45 League T40"]
[Site "Internet Chess Club"]
[Date "2009.02.15"]
[Round "3"]
[White "Berkshires"]
[Black "joshtournman"]
[Result "0-1"]
[WhiteElo "1531"]
[BlackElo "1524"]
[Opening "Ruy Lopez: closed, Bogolyubov variation"]
[ECO "C91"]
[Time "13:03:39"]
[TimeControl "2700+45"]

1. e4 e5 2. Nf3 Nc6 3. Bb5 a6 4. Ba4 b5 5. Bb3 Be7 6. c3 Nf6 7. O-O O-O 8. Re1
d6 9. d4 Bg4 10. Qd3 Bxf3 11. Qxf3 Na5 12. Bc2 Nd7 13. Be3 Nc4 14. b3 Nxe3 15.
Qxe3 Bg5 16. Qe2 c5 17. dxe5 Nxe5 18. Nd2 Qa5 19. Nf3 Nxf3+ 20. Qxf3 Bd2 21. Re2
Qxc3 22. Qxc3 Bxc3 23. Rd1 Rad8 24. Re3 Be5 25. g3 g5 26. Rf1 h5 27. f4 Bd4 28.
Kf2 Bxe3+ 29. Kxe3 gxf4+ 30. gxf4 Rde8 31. Rg1+ Kh8 32. Rg5 f5 33. Rxh5+ Kg7 34.
Rg5+ Kh6 35. h4 fxe4 36. Bd1 d5 37. Rh5+ Kg6 38. Rxd5 Rf5 39. Rd6+ Rf6 40. Rd5
Ref8 41. Rg5+ Kh7 42. Rxc5 Rxf4 43. Rc7+ R8f7 44. Rxf7+ Rxf7 45. Kxe4 Rf1 46.
Bc2 Rf2 47. Ke3+ Rxc2 {White resigns} 0-1

[Event "Team 45 45 League T40"]
[Site "Internet Chess Club"]
[Date "2009.02.11"]
[Round "3"]
[White "Juan73"]
[Black "bmw2002"]
[Result "0-1"]
[WhiteElo "1614"]
[BlackElo "1630"]
[Opening "Caro-Kann: exchange variation"]
[ECO "B13"]
[Time "20:15:41"]
[TimeControl "2700+45"]

1. e4 c6 2. d4 d5 3. exd5 cxd5 4. Nc3 Bf5 5. Bd3 Bxd3 6. Qxd3 Nf6 7. Bg5 e6 8.
Bxf6 gxf6 9. Nf3 Bh6 10. Nd2 Nc6 11. O-O-O a6 12. Rhe1 b5 13. g3 O-O 14. f4 Qd6
15. Kb1 b4 16. Ne2 a5 17. h4 a4 18. Rf1 Bg7 19. g4 Rfb8 20. f5 e5 21. dxe5 Qxe5
22. Nf3 Qe4 23. g5 fxg5 24. hxg5 Qxd3 25. Rxd3 Rd8 26. Rfd1 Ra5 27. c4 Ne5 28.
Nxe5 Bxe5 29. Rxd5 Raxd5 30. Rxd5 Rxd5 31. cxd5 f6 32. gxf6 Bxf6 33. Kc2 Kf7 34.
Nf4 Be5 35. Nd3 Bd6 36. b3 a3 37. Nf2 Kf6 38. Kd3 Kxf5 39. Kd4 h5 40. Ne4 Be5+
41. Ke3 Bf4+ 42. Kf3 h4 43. d6 h3 44. d7 Bc7 45. Nf2 h2 46. Kg2 Ke6 47. d8=Q
Bxd8 48. Kxh2 Kd5 49. Nd3 Be7 50. Kg2 Ke4 51. Nc1 Ke3 52. Kf1 Kd2 53. Ne2 Kc2
54. Ke1 Bh4+ 55. Kf1 Kb2 56. Nd4 Kxa2 57. Ke2 Kb2 58. Kd2 a2 59. Nc2 Kxb3 60.
Kc1 Bg5+ 61. Kd1 Kb2 62. Nxb4 a1=Q+ 63. Ke2 Qa4 64. Nd3+ Kc3 65. Nf2 Qc2+ 66.
Kf3 Qf5+ 67. Ke2 Qe5+ 68. Kf3 Qe3+ 69. Kg2 Qe2 70. Kg3 Bh4+ {White resigns} 0-1

[Event "Team 45 45 League T40"]
[Site "Internet Chess Club"]
[Date "2009.02.11"]
[Round "3"]
[White "BrerRabbit"]
[Black "Kravier"]
[Result "0-1"]
[WhiteElo "1577"]
[BlackElo "1600"]
[Opening "English: symmetrical variation"]
[ECO "A30"]
[Time "19:00:14"]
[TimeControl "2700+45"]

1. c4 c5 2. g3 e6 3. Bg2 a6 4. Nf3 g6 5. Nc3 Bg7 6. d4 cxd4 7. Nxd4 Nc6 8. e3
Nge7 9. O-O O-O 10. Nxc6 dxc6 11. Qc2 Qc7 12. Rd1 b5 13. cxb5 Bxc3 14. Qxc3 axb5
15. b3 e5 16. Bb2 f6 17. b4 Be6 18. a3 Rad8 19. Rac1 Rxd1+ 20. Rxd1 Bc4 21. Bf1
Nd5 22. Bxc4 bxc4 23. Qxc4 Qf7 24. Qxc6 Ne7 25. Qc1 Rc8 26. Qd2 Qb3 27. Rc1
Rxc1+ 28. Qxc1 Nf5 29. Qa1 h5 30. h4 Qc4 31. Bc3 Qg4 32. Kh2 Qf3 33. Qe1 Nd6 34.
a4 Ne4 35. Kg1 g5 36. hxg5 Nxg5 37. Kh2 Qg4 38. Qf1 Nf3+ 39. Kh1 Qe4 40. Qg2
Qb1+ 41. Qf1 Qxf1# {White checkmated} 0-1

[Event "Team 45 45 League T40"]
[Site "Internet Chess Club"]
[Date "2009.02.15"]
[Round "3"]
[White "zepled37"]
[Black "PANAMA-REY"]
[Result "1-0"]
[WhiteElo "1581"]
[BlackElo "1477"]
[Opening "Scotch game"]
[ECO "C45"]
[Time "10:02:34"]
[TimeControl "2700+45"]

1. e4 e5 2. Nf3 Nc6 3. d4 exd4 4. Nxd4 Ne5 5. f4 Ng6 6. Bc4 d6 7. Nc3 Bg4 8.
Qxg4 Nf6 9. Qe2 Be7 10. Bb5+ c6 11. Nxc6 bxc6 12. Bxc6+ Nd7 13. Bxa8 Qxa8 14.
O-O O-O 15. Nd5 Bd8 16. Be3 Re8 17. Nc3 Nf6 18. Qf3 Nh4 19. Qe2 Nxe4 20. Bd4 Bb6
21. Bxb6 Nxc3 22. Qg4 axb6 23. Qxh4 Ne4 24. Rfe1 Qd5 25. Rad1 Qc5+ 26. Kf1 Qc4+
27. Rd3 Qxc2 28. Rde3 Qc4+ 29. R1e2 d5 30. Qe1 f5 31. b3 Qd4 32. g3 Rc8 33. Kg2
Qf6 34. Rd3 Qc6 35. Qd1 d4 36. Kf1 Nc3 37. Qd2 Qh1+ 38. Kf2 Qxh2+ 39. Kf3 Nxe2
40. Qxe2 Qh5+ 41. Kf2 Qf7 42. Rxd4 Re8 43. Qd2 h6 44. Rd8 Kh7 45. Qd4 Re6 46.
Rd7 Qe8 47. Qxg7# {Black checkmated} 1-0

[Event "Team 45 45 League T40"]
[Site "Internet Chess Club"]
[Date "2009.02.15"]
[Round "3"]
[White "AMAV"]
[Black "zachi"]
[Result "1-0"]
[WhiteElo "2073"]
[BlackElo "1986"]
[Opening "Colle system"]
[ECO "D05"]
[Time "19:10:37"]
[TimeControl "2700+45"]

1. d4 d5 2. Nf3 Nf6 3. e3 e6 4. Bd3 c5 5. c3 c4 6. Bc2 b5 7. Nbd2 Nc6 8. Qe2 Be7
9. O-O O-O 10. e4 Bb7 11. e5 Nd7 12. h3 b4 13. Nh2 bxc3 14. bxc3 Qa5 15. Nb1
Rae8 16. f4 f5 17. exf6 Bxf6 18. Qh5 g6 19. Bxg6 hxg6 20. Qxg6+ Bg7 21. Ng4 Kh8
22. Ba3 Rf5 23. Qxe8+ Nf8 24. Bxf8 Rxf8 25. Qh5+ Kg8 26. Nh6+ Bxh6 27. Qxh6 Kf7
28. f5 e5 29. Qe6+ Kg7 30. Rf3 {Black resigns} 1-0

[Event "Team 45 45 League T40"]
[Site "Internet Chess Club"]
[Date "2009.02.14"]
[Round "3"]
[White "Flying-Tiger"]
[Black "playwaycool"]
[Result "1/2-1/2"]
[WhiteElo "1943"]
[BlackElo "2079"]
[Opening "Scotch gambit"]
[ECO "C44"]
[Time "21:04:25"]
[TimeControl "2700+45"]

1. e4 e5 2. Nf3 Nc6 3. d4 exd4 4. Bc4 d6 5. Nxd4 Bd7 6. O-O Nf6 7. Nc3 Be7 8.
Bg5 O-O 9. h3 Nxe4 10. Bxe7 Nxc3 11. Qe1 Qxe7 12. Qxc3 Nxd4 13. Qxd4 Qg5 14. h4
Qg4 15. Qxg4 Bxg4 16. f3 Be6 17. Bd3 Rfe8 18. Rfe1 h6 19. Kf2 Kf8 20. Re3 a5 21.
b3 a4 22. bxa4 c6 23. Rb1 Re7 24. f4 Rxa4 25. f5 Bxa2 26. Rxe7 Bxb1 27. Rxb7
Bxc2 28. Bxc2 Ra2 29. Rb8+ Ke7 30. Rb7+ Kf6 31. Rd7 Rxc2+ 32. Kf3 d5 33. g4 h5
34. g5+ Kxf5 35. Rxf7+ Kg6 36. Rd7 Rc4 37. Kg3 Kf5 38. Rf7+ Kg6 39. Rd7 d4 40.
Rd6+ Kf5 41. Rd7 Rc3+ 42. Kf2 c5 43. Rxg7 Kg4 44. Re7 Rc2+ 45. Kf1 Kxh4 46. g6
Kh3 47. Re5 Rc1+ 48. Kf2 Rc2+ 49. Kf1 Rc1+ 50. Kf2 Rc2+ 51. Kf3 h4 52. Rg5 Rc3+
53. Ke4 Re3+ 54. Kd5 Re8 55. Kxc5 d3 56. Rd5 Rc8+ 57. Kb4 Kg2 58. Rxd3 Rg8 59.
Rd2+ Kg3 60. Rd1 Kg4 61. Rg1+ Kh5 62. g7 h3 63. Kc3 Kh4 64. Rg6 Kh5 65. Rg3 Kh4
66. Rg6 Kh5 67. Rg3 Kh4 68. Rg6 {Game drawn by repetition} 1/2-1/2

[Event "Team 45 45 League T40"]
[Site "Internet Chess Club"]
[Date "2009.02.11"]
[Round "3"]
[White "Gregorio"]
[Black "mfeatherston"]
[Result "0-1"]
[WhiteElo "2142"]
[BlackElo "1922"]
[Opening "Sicilian: Hungarian variation"]
[ECO "B34"]
[Time "21:03:48"]
[TimeControl "2700+45"]

1. e4 c5 2. Nf3 g6 3. d4 cxd4 4. Nxd4 Nc6 5. Be3 Nf6 6. Nc3 Bg7 7. Be2 O-O 8.
Qd2 d5 9. Nxc6 bxc6 10. O-O-O Qa5 11. Kb1 Rb8 12. e5 Ng4 13. Bd4 c5 14. Nxd5
Qxd2 15. Nxe7+ Kh8 16. Rxd2 cxd4 17. Nxc8 Nxf2 18. Re1 Ne4 19. Rxd4 Nc3+ 20. Ka1
Nxe2 21. Rxe2 Rbxc8 22. a4 Rfe8 23. Rd5 Rcd8 24. Ra5 Re7 25. b4 Rd4 26. Rb5 h5
27. Ka2 Kh7 28. c3 Rc4 29. Kb3 Rec7 30. Re3 f5 31. Rd5 Re4 32. Rxe4 fxe4 33. c4
Re7 34. c5 Bxe5 35. g3 e3 36. Rd1 e2 37. Re1 Bd4 38. Kc2 Bf2 39. Kd2 Bxe1+ 40.
Kxe1 {White resigns} 0-1

[Event "Team 45 45 League T40"]
[Site "Internet Chess Club"]
[Date "2009.02.15"]
[Round "3"]
[White "giltar"]
[Black "Electryon"]
[Result "0-1"]
[WhiteElo "1789"]
[BlackElo "1614"]
[Opening "Queen's pawn game"]
[ECO "D04"]
[Time "14:00:05"]
[TimeControl "2700+45"]

1. d4 d5 2. Nf3 Nf6 3. e3 g6 4. c4 c6 5. Nc3 Bg7 6. Be2 O-O 7. O-O a6 8. Qb3
dxc4 9. Bxc4 b5 10. Be2 Bf5 11. a4 Nbd7 12. Bd2 Ne4 13. axb5 Nxd2 14. Nxd2 axb5
15. Bf3 Qb6 16. Qb4 Bf6 17. e4 Be6 18. d5 cxd5 19. exd5 Bf5 20. Rxa8 Rxa8 21. d6
Re8 22. Re1 Ne5 23. Nd5 Qb8 24. dxe7 Bg5 25. Qd4 Nd3 26. Rd1 Nf4 27. Ne4 Bxe4
28. Bxe4 Ne2+ {White resigns} 0-1

[Event "Team 45 45 League T40"]
[Site "Internet Chess Club"]
[Date "2009.02.12"]
[Round "3"]
[White "adh2050"]
[Black "f5"]
[Result "1/2-1/2"]
[WhiteElo "2108"]
[BlackElo "2208"]
[Opening "Dutch"]
[ECO "A80"]
[Time "13:09:52"]
[TimeControl "2700+45"]

1. d4 f5 2. Nc3 d5 3. e4 dxe4 4. f3 e5 5. dxe5 Qxd1+ 6. Kxd1 Nc6 7. Nd5 Kd8 8.
Bf4 Nge7 9. Nc3 h6 10. h4 Ng6 11. g3 Bb4 12. Nd5 Be6 13. Nxb4 Nxb4 14. h5 Nxf4
15. gxf4 Ke7 16. c3 Rad8+ 17. Kc1 Nd3+ 18. Bxd3 Rxd3 19. Kc2 Rhd8 20. Rf1 Bxa2
21. Rh2 e3 22. Re1 Bf7 23. Ne2 Rd2+ 24. Kc1 Bb3 25. Rhh1 c5 26. Ng3 Ke6 27. Ne2
Rc2+ 28. Kb1 Rdd2 29. Nc1 Rxb2+ 30. Ka1 c4 31. Rxe3 Ba2 32. Nxa2 Rxa2+ 33. Kb1
Rdb2+ 34. Kc1 Rh2 35. Rxh2 Rxh2 36. Re1 Rh4 37. Kd2 Rxf4 38. Ke3 Kxe5 39. Kf2+
Kf6 40. Kg3 {Game drawn by mutual agreement} 1/2-1/2

[Event "Team 45 45 League T40"]
[Site "Internet Chess Club"]
[Date "2009.02.15"]
[Round "3"]
[White "chsrules88"]
[Black "ConfusedDog589"]
[Result "1-0"]
[WhiteElo "1999"]
[BlackElo "1915"]
[Opening "French: advance, Milner-Barry gambit"]
[ECO "C02"]
[Time "22:01:26"]
[TimeControl "2700+45"]

1. e4 e6 2. d4 d5 3. e5 c5 4. c3 Nc6 5. Nf3 Qb6 6. Bd3 cxd4 7. cxd4 Bd7 8. Bc2
Nb4 9. O-O Nxc2 10. Qxc2 Ne7 11. Nc3 Nc6 12. Rd1 Be7 13. a3 O-O 14. Bg5 f6 15.
exf6 Bxf6 16. Na4 Qc7 17. Rac1 Rac8 18. Nc5 b6 19. Nxd7 Qxd7 20. Bxf6 gxf6 21.
Qd2 Ne7 22. Re1 Rxc1 23. Qxc1 Nf5 24. Qf4 Re8 25. Re2 Qd6 26. Qc1 Kf7 27. Rc2
Re7 28. g4 Ng7 29. g5 f5 30. Ne5+ Kf8 31. g6 Ne8 32. Qh6+ Kg8 33. Rc8 hxg6 34.
Rxe8+ Rxe8 35. Qxg6+ Kf8 36. Qf7# {Black checkmated} 1-0

[Event "Team 45 45 League T40"]
[Site "Internet Chess Club"]
[Date "2009.02.16"]
[Round "3"]
[White "Ben622"]
[Black "PaulKaspar"]
[Result "1/2-1/2"]
[WhiteElo "2089"]
[BlackElo "1824"]
[Opening "Caro-Kann: classical, Spassky variation"]
[ECO "B19"]
[Time "21:00:35"]
[TimeControl "2700+45"]

1. e4 c6 2. d4 d5 3. Nd2 dxe4 4. Nxe4 Bf5 5. Ng3 Bg6 6. h4 h6 7. Nf3 Nd7 8. h5
Bh7 9. Bd3 Bxd3 10. Qxd3 e6 11. Bd2 Ngf6 12. O-O-O Bd6 13. Ne4 Nxe4 14. Qxe4 Nf6
15. Qe2 Qc7 16. Ne5 Nd7 17. Rhe1 Bxe5 18. dxe5 O-O-O 19. f4 Nb8 20. Qg4 Rhg8 21.
Bb4 f5 22. exf6 Rxd1+ 23. Rxd1 Qf7 24. Rd6 gxf6 25. Qxe6+ Qxe6 26. Rxe6 Nd7 27.
Be7 Rxg2 28. Bxf6 Rh2 29. Be5 Nxe5 30. Rxe5 Kd7 31. b4 Rf2 32. b5 cxb5 33. Rxb5
Kc6 34. Rf5 b6 35. Kb2 Kb7 36. Rf6 Rf3 37. Rxh6 Rxf4 38. Rg6 Rh4 39. h6 a5 40.
Rg7+ Ka6 41. h7 Kb5 42. Kc3 Rh3+ 43. Kd4 Kb4 44. Kd5 Rh6 45. Ke5 Ka3 46. Rg6
Rxh7 47. Rxb6 Rc7 48. Ra6 a4 49. Kd4 Rxc2 50. Kd3 Rxa2 51. Kc3 Rh2 52. Ra8 Rh3+
53. Kc2 Rh2+ {Game drawn by mutual agreement} 1/2-1/2